 Dungeon Crawl Stone Soup version 0.30-a0-691-g754fce4c43 (webtiles) character file.

Game seed: 2034335029176751094

1740 Newt the Magician (level 8, -20/60 HPs)
             Began as a Demonspawn Gladiator on Jan 19, 2023.
             Demolished by a shadow (26 damage)
             ... on level 6 of the Dungeon.
             The game lasted 00:07:56 (7138 turns).

Newt the Magician (Demonspawn Gladiator)            Turns: 7138, Time: 00:07:56

Health: -20/60     AC:  6    Str: 17    XL:     8   Next: 77%
Magic:  0/24       EV: 13    Int:  9    God:
Gold:   176        SH:  6    Dex: 15    Spells: 17/17 levels left

rFire   . . .      SeeInvis .    b - +3 falchion
rCold   . . .      Faith    .    (no shield)
rNeg    + . .      Spirit   +    t - +0 leather armour
rPois   .          Reflect  .    c - +0 helmet
rElec   .          Harm     +    (no cloak)
rCorr   .          Rampage  .    j - +1 pair of gloves
Will    .....                    (no boots)
Stlth   ++                       f - amulet of Ehe Soog {Spirit Harm Fly rN+ MP+9}
HPRegen 0.30/turn                (no ring)
MPRegen 0.19/turn                (no ring)

@: mighty, flying
A: large bone plates 2, spiny 1, demonic magic 1
a: no special abilities


You were on level 6 of the Dungeon.
You visited 1 branch of the dungeon, and saw 6 of its levels.

You collected 296 gold pieces.
You spent 120 gold pieces at shops.

Inventory:

Hand Weapons
 a - the +0 sling "Poner" {freeze, +Blink rN+ Str+3}
   (You found it on level 3 of the Dungeon)

   Str:       It affects your strength (+3).
   rN:        It protects you from negative energy.
   +Blink:    It lets you blink.
 b - a +3 falchion (weapon)
 k - a +0 rapier
Missiles
 e - a javelin
Armour
 c - a +0 helmet (worn)
 i - a +0 leather armour
 j - a +1 pair of gloves (worn)
 t - a +0 leather armour (worn)
Jewellery
 f - the amulet of Ehe Soog (around neck) {Spirit Harm Fly rN+ MP+9}
   (You found it on level 5 of the Dungeon)

   [amulet of guardian spirit]

   It causes incoming damage to be divided between your reserves of health and
   magic.
   rN:        It protects you from negative energy.
   MP:        It affects your magic capacity (+9).
   Fly:       It grants you flight.
   Harm:      It increases damage dealt and taken.
Scrolls
 g - 2 scrolls of noise
 h - 4 scrolls of teleportation
 l - a scroll of amnesia
 m - a scroll of immolation
 r - a scroll of fog
 v - a scroll of magic mapping
 x - a scroll of poison {unknown}
 y - a scroll of identify
Potions
 d - 2 potions of resistance
 n - 2 potions of attraction
 p - a potion of degeneration
 s - a potion of mutation
 u - a potion of brilliance {unknown}


   Skills:
 - Level 4.0 Fighting
 - Level 2.6(4.0) Short Blades
 - Level 4.5(5.0) Long Blades
 - Level 4.0 Ranged Weapons
 - Level 1.7 Throwing
 - Level 5.0 Dodging
 - Level 3.0 Stealth
 + Level 5.1 Spellcasting


You had 17 spell levels left.
You didn't know any spells.
Your spell library contained the following spells:

 Spells                   Type           Power      Damage    Failure   Level
 Ensorcelled Hibernation  Hex/Ice        4%         N/A       41%         2
 Spider Form              Tmut/Pois      2%         N/A       65%         3
 Anguish                  Hex/Necr       1%         N/A       96%         4


Dungeon Overview and Level Annotations

Branches:
Dungeon (6/15)
 Temple: D:4-7

Altars:
Ashenzari
Fedhas
Makhleb
Trog
Wu Jian
Xom

Shops:
D:6 *


Innate Abilities, Weirdness & Mutations

You are mostly covered in large bone plates. (SH +6)
You are partially covered in sharp spines.
Spells you cast may paralyse adjacent enemies.


Message History

The two-headed ogre hits you with a +0 giant club!!
The two-headed ogre closely misses you.
You hit the two-headed ogre.
The two-headed ogre is moderately wounded.
The two-headed ogre is struck by your spines.
The two-headed ogre hits you with a +0 giant club!
The two-headed ogre closely misses you.
You hit the two-headed ogre.
The two-headed ogre is heavily wounded.
You hit the two-headed ogre.
The two-headed ogre is heavily wounded.
The two-headed ogre hits you with a +0 giant club!!
* * * LOW HITPOINT WARNING * * *
The two-headed ogre misses you.
You feel much better. You block the two-headed ogre's attack.
The two-headed ogre hits you with a +0 giant spiked club!!
* * * LOW HITPOINT WARNING * * *
You feel much better.
You feel very mighty all of a sudden. You block the two-headed ogre's attack.
The two-headed ogre hits you with a +0 giant spiked club!!
* * * LOW HITPOINT WARNING * * *
You feel much better.
The two-headed ogre is struck by your spines.
The two-headed ogre hits you with a +0 giant club!!
* * * LOW HITPOINT WARNING * * *
The two-headed ogre barely misses you.
As you read the scroll of fear, it crumbles to dust.
You assume a fearsome visage.
The jelly looks frightened!
The two-headed ogre looks frightened!
The hound looks frightened!
You slash the two-headed ogre!
Your attack snaps the two-headed ogre out of its fear.
The two-headed ogre is severely wounded.
An adder comes into view.
The shadow slips into darkness.
The shadow flickers and vanishes!
Deactivating autopickup; reactivate with Ctrl-A.
The two-headed ogre almost stumbles in trying to escape.
The shadow strikes at you from the darkness!
You die...

##.###J#..........#
##.....##..........#
#..####.#..........#
#.## #..........#
#.# #..........#
#.## ##..........#
#..#####...........#
##.................#
#...@)...##########
##########


There were no monsters in sight!

Vanquished Creatures
  Grinder (D:3)
  2 vampire mosquitoes (D:6)
  2 ogres
  A phantom (D:6)
  A bullfrog (D:5)
  3 scorpions
  2 necrophages
  A jelly (D:5)
  3 hounds
  2 orc priests
  2 gnoll boudas
  Ijyb (D:3)
  5 iguanas
  10 gnolls
  7 adders
  A shadow imp (D:5)
  A white imp (D:5)
  5 worms
  3 dart slugs
  21 orcs
  6 endoplasms
  4 giant cockroaches
  5 goblins
  7 hobgoblins
  6 jackals (D:1)
  13 kobolds
  2 quokkas
  7 ball pythons
  2 bats
  5 frilled lizards
  7 rats
138 creatures vanquished.

Notes
Turn   | Place    | Note
-------+----------+-------------------------------------------
     0 | D:1      | Newt the Demonspawn Gladiator began the quest for the Orb.
     0 | D:1      | Reached XP level 1. HP: 16/16 MP: 1/1
    46 | D:1      | Reached skill level 1 in Stealth
   112 | D:1      | Gained mutation: You are partially covered in large bone
                  | plates. (SH +4) [demonic ancestry]
   112 | D:1      | Reached XP level 2. HP: 16/22 MP: 2/2
   448 | D:1      | Reached XP level 3. HP: 21/27 MP: 3/3
  1760 | D:3      | Gained mutation: You are mostly covered in large bone
                  | plates. (SH +6) [demonic ancestry]
  1760 | D:3      | Reached XP level 4. HP: 15/34 MP: 4/4
  2039 | D:3      | Identified the +0 sling "Poner" {freeze, +Blink rN+ Str+3}
  2248 | D:3      | Noticed Ijyb
  2535 | D:3      | Found a broken altar of Ashenzari.
  2535 | D:3      | Found a burning altar of Makhleb.
  2536 | D:3      | Noticed a necrophage
  2571 | D:3      | Killed a necrophage
  2596 | D:3      | Killed Ijyb
  2597 | D:3      | Reached skill level 1 in Ranged Weapons
  2597 | D:3      | Gained mutation: You are partially covered in sharp spines.
                  | [demonic ancestry]
  2597 | D:3      | Reached XP level 5. HP: 7/42 MP: 5/5
  2967 | D:3      | Found a shimmering altar of Xom.
  3139 | D:3      | Noticed Grinder
  3144 | D:3      | Paralysed by Grinder for 5 turns
  3160 | D:3      | Paralysed by Grinder for 3 turns
  3175 | D:3      | Killed Grinder
  3176 | D:3      | Gained mutation: Spells you cast may paralyse adjacent
                  | enemies. [demonic ancestry]
  3176 | D:3      | Reached XP level 6. HP: 34/48 MP: 6/6
  3647 | D:3      | Reached XP level 7. HP: 30/54 MP: 7/7
  4659 | D:5      | Entered Level 5 of the Dungeon
  4770 | D:5      | Found a blossoming altar of Fedhas.
  4771 | D:5      | Found a bloodstained altar of Trog.
  4773 | D:5      | Identified the amulet of Ehe Soog {Spirit Harm Fly rN+
                  | MP+9}
  4802 | D:5      | Reached skill level 5 in Dodging
  4802 | D:5      | Reached skill level 1 in Long Blades
  5543 | D:5      | Found an ornate altar of the Wu Jian Council.
  6026 | D:5      | Reached XP level 8. HP: 60/60 MP: 8/8
  6320 | D:6      | Reached skill level 1 in Spellcasting
  6519 | D:6      | Found Halyrutu's General Store.
  6542 | D:6      | Bought a potion of heal wounds for 60 gold pieces
  6542 | D:6      | Bought a potion of heal wounds for 60 gold pieces
  7098 | D:6      | Reached skill level 5 in Spellcasting
  7111 | D:6      | Noticed a two-headed ogre
  7127 | D:6      | HP: 2/60 [two-headed ogre/+0 giant club (25)]
  7138 | D:6      | Demolished by a shadow

Illustrated notes

Levels and vault maps discovered:
D:1:      kennysheep_arrival_forest, layout_basic
D:2:      layout_basic, st_stairs_6, minmay_tetromino_o2
D:3:      layout_basic, gammafunk_temple_overflow_claw, uniq_ijyb, uniq_grinder
D:4:      layout_basic
D:5:      layout_basic, grunt_temple_overflow_open
D:6:      layout_basic, minmay_temple_entry_glassed_door, serial_shops, shop,
          minmay_manual_maat

Skill      XL: |  1  2  3  4  5  6  7  8 |
---------------+-------------------------+-----
Stealth        | 1 2 3 |  3.0
Fighting       | 4 |  4.0
Ranged Weapons | 1 3 4 |  4.0
Dodging        | 4 5 |  5.0
Long Blades    | 3 4 |  4.5
Spellcasting   | 5 |  5.1
Short Blades   | |  2.6
Throwing       | |  1.7

Action                   |  1- 3 |  4- 6 |  7- 9 || total
-------------------------+-------+-------+-------++-------
Melee: Rapier            |   161 |       |       ||   161
       Punch             |     3 |       |     3 ||     6
       Unarmed           |       |     1 |       ||     1
       Falchion          |       |     6 |   214 ||   220
 Fire: Sling             |       |   118 |       ||   118
Throw: Throwing net      |     2 |     3 |       ||     5
Evoke: Wand              |       |     1 |     1 ||     2
  Use: Scroll            |     4 |     3 |     8 ||    15
       Potion            |       |     1 |     8 ||     9
 Stab: Sleeping          |     6 |       |     4 ||    10
       Held in net/web   |     2 |       |       ||     2
       Paralysed         |       |       |     2 ||     2
Armor: Leather armour    |    48 |    11 |    38 ||    97
Dodge: Dodged            |    70 |    31 |   128 ||   229
Block: Other             |    22 |    22 |    53 ||    97

Table legend: (Time is in decaauts)
 A = Elapsed time spent in this place.
 B = Non-inter-level travel time spent in this place.
 C = Inter-level travel time spent in this place.
 D = Time resting spent in this place.
 E = Time spent auto-exploring this place.
 F = Levels seen in this place.
 G = Mean time per level.
                   A        B        C        D        E       F      G
               +--------+--------+--------+--------+--------+-----+--------+
         Total |   7219 |   6991 |    228 |   1749 |   4132 |   6 | 1203.2 |
       Dungeon |   7219 |   6991 |    228 |   1749 |   4132 |   6 | 1203.2 |
               +--------+--------+--------+--------+--------+-----+--------+

Top non-repeatable levels by time:
     D:3: 1978 daAuts
     D:5: 1663 daAuts
     D:1: 998 daAuts
     D:4: 989 daAuts
     D:6: 834 daAuts
     D:2: 755 daAuts
